 Dungeon Crawl Stone Soup version 0.18-b1-18-g7758cf2 (webtiles) character file.

147 dobroeutro the Cudgeler (level 5, -6/32 HPs)
             Began as a Gargoyle Fighter on May 2, 2016.
             Mangled by an orc warrior
             ... wielding a +0 mace
              (8 damage)
             ... on level 3 of the Dungeon.
             The game lasted 00:02:26 (1879 turns).

dobroeutro the Cudgeler (Gargoyle Fighter)          Turns: 1879, Time: 00:02:26

Health: -6/32      AC: 12    Str: 20    XL:     5   Next: 29%
Magic:  5/5        EV:  7    Int: 14    God:
Gold:   45         SH:  9    Dex:  9    Spells: 0 memorised, 4 levels left

rFire  . . .     SeeInvis +     i - +2 mace (crush)
rCold  . . .     Gourm    .     b - +0 scale mail
rNeg   + . .     Faith    .     c - +0 shield
rPois  ∞         Spirit   .     (no helmet)
rElec  +         Dismiss  .     t - +0 cloak
rCorr  .         Reflect  .     (no gloves)
SustAt .         Harm     .     (no boots)
MR     .....                    (no amulet)
Stlth  ..........               s - ring of see invisible
                                o - +5 ring of intelligence

@: not resistant to hostile enchantments, extremely unstealthy
A: negative energy resistance 1, electricity resistance, unbreathing,
petrification resistance, rot immunity, AC +4
a: no special abilities


You were on level 3 of the Dungeon.
You were not hungry.

You visited 1 branch of the dungeon, and saw 3 of its levels.

You collected 45 gold pieces.

Inventory:

Hand Weapons
 a - a +0 flail
 i - a +2 mace of crushing (weapon)
Armour
 b - a +0 scale mail (worn)
 c - a +0 shield (worn)
 t - a +0 cloak (worn)
Jewellery
 o - a +5 ring of intelligence (left hand)
 s - a ring of see invisible (right hand)
 u - a +2 amulet of reflection {unknown}
 x - an uncursed ring of fire {unknown}
Scrolls
 e - 2 scrolls of remove curse {unknown}
 g - 2 scrolls of identify {unknown}
 j - a scroll of enchant weapon {unknown}
 k - a scroll of amnesia {unknown}
 m - a scroll of blinking {unknown}
 r - 2 scrolls of random uselessness {unknown}
 y - a scroll of fear {unknown}
Potions
 d - a potion of might
 h - a potion of degeneration {unknown}
 l - 2 potions of curing {unknown}
 p - a potion of resistance {unknown}
 q - a potion of cure mutation {unknown}
 w - a potion of brilliance {unknown}
 z - a potion of invisibility {unknown}
 A - a potion of lignification {unknown}
Comestibles
 f - 2 bread rations
 n - 3 meat rations
 v - 2 chunks of flesh


   Skills:
 - Level 3.2 Fighting
 + Level 5.3 Maces & Flails
 - Level 3.2 Armour
 - Level 3.2 Shields


You had 4 spell levels left.
You didn't know any spells.

Dungeon Overview and Level Annotations

Branches:
Dungeon (3/15)

Altars:
Xom


Innate Abilities, Weirdness & Mutations

You are resistant to torment.
Your stone body is resilient (AC +4).
You are immune to poison.
You resist negative energy.
You are resistant to electric shocks.
You can survive without breathing.
You are immune to petrification.
You are immune to rotting.


Message History

You are too injured to fight recklessly!
You are too injured to fight recklessly!
You are too injured to fight recklessly!
You are too injured to fight recklessly!
You are too injured to fight recklessly!
You are too injured to fight recklessly!
You are too injured to fight recklessly!
You are too injured to fight recklessly!
You are too injured to fight recklessly!
You are too injured to fight recklessly!
You are too injured to fight recklessly!
You are too injured to fight recklessly!
You are too injured to fight recklessly!
You are too injured to fight recklessly!
You are too injured to fight recklessly!
You are too injured to fight recklessly!
You are too injured to fight recklessly!
You are too injured to fight recklessly!
The orc warrior hits you with a mace!
You die...

#..## #............
#.## ........... #
#.# ......#.. # #.#
#....#.# ###.#
#.#.#)#
##..##########...).#
#...............o#.#
....##########.#o#.#
.............. #@#..
##.########## #.####
##.# #.# ##.#
#.####.### #.#
#........# #.#
#..#####.# #.# #..#
#.# #.# #..# #.# #.#
#..# ##.##


You could see an orc warrior and an orc.

Vanquished Creatures
  An orc priest (D:3)
  A hound (D:3)
  2 adders (D:2)
  2 dart slugs
  5 orcs (D:3)
  A ball python (D:1)
  5 giant cockroaches
  8 goblins
  7 hobgoblins
  7 jackals (D:3)
  7 kobolds
  5 bats
  A giant newt (D:1)
  6 rats
58 creatures vanquished.

Notes
Turn   | Place    | Note
--------------------------------------------------------------
     0 | D:1      | dobroeutro the Gargoyle Fighter began the quest for the Orb.
     0 | D:1      | Reached XP level 1. HP: 14/14 MP: 1/1
   229 | D:1      | Reached XP level 2. HP: 18/19 MP: 2/2
   325 | D:1      | Reached skill level 3 in Maces & Flails
   606 | D:2      | Reached XP level 3. HP: 16/23 MP: 3/3
   633 | D:2      | Found a faded altar to an unknown god.
  1054 | D:2      | Reached skill level 4 in Maces & Flails
  1118 | D:2      | Found a shimmering altar of Xom.
  1423 | D:3      | Reached XP level 4. HP: 17/28 MP: 4/4
  1855 | D:3      | Noticed an orc warrior
  1856 | D:3      | Reached skill level 5 in Maces & Flails
  1858 | D:3      | Reached XP level 5. HP: 32/32 MP: 5/5
  1876 | D:3      | HP: 1/32 [orc warrior/mace (15)]
  1879 | D:3      | Mangled by an orc warrior

Skill      XL: |  1  2  3  4 |
---------------+-------------+-----
Maces & Flails | 3 4 5 |  5.3
Fighting       | |  3.2
Armour         | |  3.2
Shields        | |  3.2

Action                   |  1- 3 |  4- 6 || total
-------------------------+-------+-------++-------
Melee: Flail             |    15 |       ||    15
       Mace              |    90 |    95 ||   185
  Eat: Chunk             |     2 |     1 ||     3
Armor: Scale mail        |    43 |    50 ||    93
Dodge: Dodged            |    30 |    33 ||    63
Block: Shield            |    49 |    42 ||    91
